 Dungeon Crawl Stone Soup version 0.21.1-1-g345015f (webtiles) character file.

424 inmateoo the Cudgeler (level 6, -14/52 HPs)
             Began as a Minotaur Arcane Marksman on Mar 1, 2018.
             Blown up by Ijyb (16 damage)
             ... with a wand of disintegration (14)
             ... on level 4 of the Dungeon.
             The game lasted 00:06:41 (4475 turns).

inmateoo the Cudgeler (Minotaur Arcane Marksman)    Turns: 4475, Time: 00:06:41

Health: -14/52     AC: 10    Str: 17    XL:     6   Next: 64%
Magic:  0/6        EV:  7    Int: 10    God:
Gold:   172        SH:  3    Dex: 10    Spells: 6/7 levels left

rFire    . . .     SeeInvis .   h - +1 whip
rCold    . . .     Gourm    .   r - +0 buckler
rNeg     . . .     Faith    .   k - +1 chain mail
rPois    .         Spirit   +   (helmet restricted)
rElec    .         Reflect  .   (no cloak)
rCorr    .         Harm     .   (no gloves)
MR       .....                  (no boots)
Stlth    ..........             o - amulet of guardian spirit
HPRegen  0.17/turn              (no ring)
MPRegen  0.10/turn              (no ring)

@: hasted, very quick
A: retaliatory headbutt, horns 2
a: no special abilities


You were on level 4 of the Dungeon.
You were hungry.

You visited 1 branch of the dungeon, and saw 4 of its levels.

You collected 172 gold pieces.

Inventory:

Hand Weapons
 g - a +0 mace
 h - a +1 whip (weapon)
Missiles
 l - 64 stones
 q - 3 silver tomahawks (quivered)
Armour
 k - a +1 chain mail (worn)
 r - a +0 buckler (worn)
Jewellery
 o - an amulet of guardian spirit (around neck)
Wands
 a - a wand of flame (1)
Scrolls
 i - 6 scrolls of identify
 j - a scroll of enchant weapon
Potions
 n - 3 potions of curing
Books
 c - a book of Debilitation

   Spells                             Type                      Level
   a - Corona                         Hexes                        1
   b - Slow                           Hexes                        2
   c - Inner Flame                    Hexes/Fire                   3
   d - Portal Projectile              Hexes/Translocation          3
   e - Cause Fear                     Hexes                        4
   f - Leda's Liquefaction            Hexes/Earth                  4
 p - a book of Minor Magic

   Spells                             Type                      Level
   a - Magic Dart                     Conjuration                  1
   b - Blink                          Translocation                2
   c - Call Imp                       Summoning                    2
   d - Slow                           Hexes                        2
   e - Conjure Flame                  Conjuration/Fire             3
   f - Mephitic Cloud                 Conjuration/Poison/Air       3
Comestibles
 f - 9 rations


   Skills:
 + Level 3.8 Fighting
 * Level 5.2 Maces & Flails
   Level 2.1 Crossbows
 + Level 3.3 Armour
 + Level 2.7 Dodging
 + Level 1.6 Shields
 - Level 1.0 Spellcasting
 - Level 2.2 Hexes


You had 6 spell levels left.
You knew the following spells:

 Your Spells              Type           Power        Failure   Level  Hunger
a - Corona                Hex            #......      96%         1    ##.....


Dungeon Overview and Level Annotations

Branches:
Dungeon (4/15)
 Temple: D:4-7

Altars:
Cheibriados
Makhleb
Qazlal
Xom

Annotations:
D:3 Verr's ghost, amateur DDFi
D:4 Ijyb


Innate Abilities, Weirdness & Mutations

You reflexively headbutt those who attack you in melee.
You have a pair of horns on your head.


Message History

Ijyb is lightly wounded.
Ijyb barely misses you.
You hit Ijyb.
Ijyb is lightly wounded.
Ijyb hits you with a dagger of electrocution.
You closely miss Ijyb. Your headbutt misses Ijyb.
Ijyb is lightly wounded.
You closely miss Ijyb. Your headbutt misses Ijyb.
Ijyb is lightly wounded.
Ijyb hits you with a dagger of electrocution.
* * * LOW HITPOINT WARNING * * *
You are electrocuted!
* * * LOW HITPOINT WARNING * * *
Your chain mail prevents you from hitting Ijyb.
Ijyb is lightly wounded.
Your chain mail prevents you from hitting Ijyb.
Ijyb is lightly wounded.
Ijyb hits you but does no damage.
Ijyb zaps a wand.
You are blasted!
You die...

#...<..[.......
#..............
#..............
#..............
##%.............
.........g......
####......#.....
######.######
#@..# ##...#
####....#
#....#.## .#
#......# #..
>...####.# ....
...# #.# ...##<
. ## #.# ......
#. #.#


You could see Ijyb.

Vanquished Creatures
  A bullfrog (D:3)
  A crimson imp (D:4)
  Natasha (thrice) (D:4)
  2 worker ants (D:4)
  3 gnolls (D:4)
  7 adders
  A worm (D:3)
  3 dart slugs
  3 leopard geckos
  11 orcs
  8 giant cockroaches
  8 goblins
  6 hobgoblins
  9 jackals
  10 kobolds
  2 quokkas
  11 bats
  6 frilled lizards
  5 rats
100 creatures vanquished.

Notes
Turn   | Place    | Note
-------+----------+-------------------------------------------
     0 | D:1      | inmateoo the Minotaur Arcane Marksman began the quest for the Orb.
     0 | D:1      | Reached XP level 1. HP: 16/16 MP: 1/1
   203 | D:1      | Reached XP level 2. HP: 20/23 MP: 2/2
   223 | D:1      | Reached skill level 1 in Maces & Flails
   469 | D:1      | Reached skill level 1 in Armour
  1220 | D:2      | Reached XP level 3. HP: 29/29 MP: 3/3
  1387 | D:2      | Reached skill level 2 in Maces & Flails
  1924 | D:3      | Reached XP level 4. HP: 32/37 MP: 4/4
  1954 | D:3      | Noticed Verr's ghost (amateur DDFi)
  1982 | D:3      | Reached skill level 3 in Maces & Flails
  2138 | D:3      | Found a stormy altar of Qazlal.
  2267 | D:3      | Noticed a bullfrog
  2285 | D:3      | Killed a bullfrog
  2285 | D:3      | Reached XP level 5. HP: 21/45 MP: 5/5
  2504 | D:3      | Reached skill level 4 in Maces & Flails
  3536 | D:4      | Noticed Natasha
  3556 | D:4      | Killed Natasha
  3755 | D:4      | Reached XP level 6. HP: 46/51 MP: 4/6
  3791 | D:4      | Reached skill level 5 in Maces & Flails
  3791 | D:4      | Reached skill level 1 in Shields
  3890 | D:4      | Found a shimmering altar of Xom.
  3893 | D:4      | Found a burning altar of Makhleb.
  3911 | D:4      | Noticed Natasha
  3923 | D:4      | Killed Natasha
  3969 | D:4      | Found a snail-covered altar of Cheibriados.
  4046 | D:4      | Noticed Natasha
  4288 | D:4      | Killed Natasha
  4437 | D:4      | Noticed Ijyb
  4468 | D:4      | HP: 1/52 [Ijyb/dagger of electrocution (12)]
  4475 | D:4      | Blown up by Ijyb

Skill      XL: |  1  2  3  4  5  6 |
---------------+-------------------+-----
Maces & Flails | 1 2 3 4 5 |  5.2
Armour         | 1 2 3 |  3.3
Fighting       | 2 3 |  3.8
Shields        | 1 |  1.6
Crossbows      | |  2.1
Dodging        | |  2.7
Spellcasting   | |  1.0
Hexes          | |  2.2

Action                   |  1- 3 |  4- 6 || total
-------------------------+-------+-------++-------
Melee: Whip              |   107 |   303 ||   410
       Headbutt          |    11 |    42 ||    53
 Fire: Hand crossbow     |     9 |       ||     9
Throw: Tomahawk          |       |     2 ||     2
Evoke: Wand              |       |     3 ||     3
  Use: Scroll            |     7 |     5 ||    12
       Potion            |       |     2 ||     2
  Eat: Chunk             |     3 |     8 ||    11
Armor: Plate armour      |    31 |       ||    31
       Chain mail        |    50 |   137 ||   187
Dodge: Dodged            |    40 |    94 ||   134
Block: Buckler           |       |    15 ||    15
